BSA
PLYMOUTH ROCKS @ HENDERSONVILLE HITMEN
06/15/2026
 
TOP OF THE 1ST
Plymouth Rocks batting - Pitching for Hendersonville Hitmen : RHP Carlos Hernández
Pitching: RHP Carlos Hernández
Batting: RHB Luis Sánchez 0-0: Called Strike
0-1: Foul Ball, location: 2F
0-2: Ball
1-2: Foul Ball, location: 2F
1-2: SINGLE (Groundball, 4MD)
Batting: RHB Andrés Lara 0-0: SINGLE (Line Drive, 8RS)
Luis Sánchez to second
Batting: LHB Roy Patrick 0-0: Called Strike
0-1: Foul Ball, location: 2F
0-2: Foul Ball, location: 2F
0-2: Ball
1-2: Fly out, F9 (Flyball, 9D)
Runner from 2nd tags up, SAFE at 3rd, no throw
Batting: SHB Greg Welch 0-0: Called Strike
Andrés Lara steals 2nd base
0-1: Ground out 1-3 (Groundball, 15)
Batting: RHB António Gonzáles 0-0: Foul Ball, location: 2F
0-1: Ball
1-1: Foul Ball, location: 2F
1-2: Strikes out looking
Top of the 1st over - 0 run(s), 2 hit(s), 0 error(s), 2 left on base; Plymouth 0 - Hendersonville 0
BOTTOM OF THE 1ST
Hendersonville Hitmen batting - Pitching for Plymouth Rocks : RHP Lorenzo Aguilar
Pitching: RHP Lorenzo Aguilar
Batting: RHB Bill Mark 0-0: Fly out, F8 (Flyball, 8RS)
Batting: LHB Lorenzo Quintanilla 0-0: Ball
1-0: Fly out, F6 (Popup, 6MD)
Batting: RHB Manolo Román 0-0: Ball
1-0: Ball
2-0: Foul Ball, location: 2F
2-1: Ball
3-1: Base on Balls
Batting: LHB Tony Abete 0-0: Ball
1-0: Ball
2-0: Called Strike
2-1: Called Strike
2-2: Strikes out swinging
Bottom of the 1st over - 0 run(s), 0 hit(s), 0 error(s), 1 left on base; Plymouth 0 - Hendersonville 0
TOP OF THE 2ND
Plymouth Rocks batting - Pitching for Hendersonville Hitmen : RHP Carlos Hernández
Batting: LHB Barrett Waters 0-0: Ball
1-0: DOUBLE (Flyball, 89D)
Batting: LHB Roger Moore 0-0: Foul Ball, location: 2F
0-1: Ball
1-1: Fly out, F9 (Flyball, 89D)
Runner from 2nd tags up, SAFE at 3rd, no throw
Batting: RHB José Flores 0-0: Foul Ball, location: 2F
0-1: SINGLE (Groundball, 56D)
Barrett Waters scores
Batting: RHB Anthony Rucker 0-0: Ball
1-0: Foul Ball, location: 2F
1-1: Ground out 6-3 (Groundball, 6MS)
José Flores to second
Batting: RHB Luis Sánchez 0-0: Ball
1-0: Ball
2-0: Fly out, F8 (Flyball, 8LXD)
Top of the 2nd over - 1 run(s), 2 hit(s), 0 error(s), 1 left on base; Plymouth 1 - Hendersonville 0
BOTTOM OF THE 2ND
Hendersonville Hitmen batting - Pitching for Plymouth Rocks : RHP Lorenzo Aguilar
Batting: RHB Robert Buckley 0-0: Ball
1-0: Foul Ball, location: 2F
1-1: Ground out 6-3 (Groundball, 6)
Batting: LHB José Flores 0-0: Called Strike
0-1: Ground out 1-3 (Groundball, 15)
Batting: LHB Pedro Gonzáles 0-0: Ball
1-0: Ball
2-0: Ground out 1-3 (Groundball, 15)
Bottom of the 2nd over - 0 run(s), 0 hit(s), 0 error(s), 0 left on base; Plymouth 1 - Hendersonville 0
TOP OF THE 3RD
Plymouth Rocks batting - Pitching for Hendersonville Hitmen : RHP Carlos Hernández
Batting: RHB Andrés Lara 0-0: Called Strike
0-1: Fly out, F8 (Flyball, 78D)
Batting: LHB Roy Patrick 0-0: Ground out 1-3 (Groundball, 13S)
Batting: SHB Greg Welch 0-0: Foul Ball, location: 2F
0-1: Swinging Strike
0-2: DOUBLE (Flyball, 7LM)
Batting: RHB António Gonzáles 0-0: Reached on error, E5 (Groundball, 5)
Greg Welch to third
Batting: LHB Barrett Waters 0-0: SINGLE (Line Drive, 9LS)
Greg Welch scores
António Gonzáles to second
Runner from 2nd tries for 3rd, SAFE, throw made to third
Batting: LHB Roger Moore 0-0: Ground out U3 (Groundball, 3)
Top of the 3rd over - 1 run(s), 2 hit(s), 1 error(s), 2 left on base; Plymouth 2 - Hendersonville 0
BOTTOM OF THE 3RD
Hendersonville Hitmen batting - Pitching for Plymouth Rocks : RHP Lorenzo Aguilar
Batting: RHB Junior Vargas 0-0: Called Strike
0-1: Ball
1-1: Ball
2-1: Ball
3-1: Base on Balls
Batting: LHB Jerry Johnston 0-0: SINGLE (Groundball, 4M)
Junior Vargas to second
Batting: RHB Bill Mark 0-0: Hit by Pitch
Junior Vargas to third
Jerry Johnston to second
Batting: LHB Lorenzo Quintanilla 0-0: Ball
1-0: Foul Ball, location: 2F
1-1: Called Strike
1-2: DOUBLE (Line Drive, 7LS)
Junior Vargas scores
Jerry Johnston scores
Bill Mark to third
Runner from 3rd tries for Home, SAFE, throw made at trailing runner, SAFE at third!
Batting: RHB Manolo Román 0-0: Foul Ball, location: 2F
0-1: Ball
1-1: Ball
2-1: Fly out, F7 (Flyball, 7S)
Batting: LHB Tony Abete 0-0: Ball
1-0: Fly out, F8 (Flyball, 8LXD)
Runner from 3rd tags up, SCORES, no throw
Batting: RHB Robert Buckley 0-0: Called Strike
0-1: Ball
1-1: Swinging Strike
1-2: Strikes out looking
Bottom of the 3rd over - 4 run(s), 2 hit(s), 0 error(s), 0 left on base; Plymouth 2 - Hendersonville 4
TOP OF THE 4TH
Plymouth Rocks batting - Pitching for Hendersonville Hitmen : RHP Carlos Hernández
Batting: RHB José Flores 0-0: Called Strike
0-1: Ball
1-1: Foul Ball, location: 2F
1-2: Foul Ball, location: 2F
1-2: Ground out 6-3 (Groundball, 6M)
Batting: RHB Anthony Rucker 0-0: Ball
1-0: Ball
2-0: Foul Ball, location: 2F
2-1: Reached on error, E5 (Groundball, 5S)
Batting: RHB Luis Sánchez 0-0: Called Strike
Anthony Rucker is caught stealing 2nd base
0-1: Ball
1-1: Fly out, F7 (Flyball, 7LM)
Top of the 4th over - 0 run(s), 0 hit(s), 1 error(s), 0 left on base; Plymouth 2 - Hendersonville 4
BOTTOM OF THE 4TH
Hendersonville Hitmen batting - Pitching for Plymouth Rocks : RHP Lorenzo Aguilar
Batting: LHB José Flores 0-0: Swinging Strike
0-1: Ball
1-1: SINGLE (Line Drive, 56)
Batting: LHB Pedro Gonzáles 0-0: Ball
1-0: Called Strike
1-1: Fly out, F7 (Flyball, 7LM)
1-1: Fly out, F7 (Flyball, 7LM)
Batting: RHB Junior Vargas 0-0: Ball
1-0: Called Strike
1-1: Ball
2-1: Foul Ball, location: 2F
2-2: Strikes out swinging
Batting: LHB Jerry Johnston Balk!
José Flores to second
0-0: Reached on error, E4 (Groundball, 4)
José Flores to third
Batting: RHB Bill Mark 0-0: Ball
1-0: SINGLE (Groundball, 6MD)
José Flores scores
Jerry Johnston to second
Runner from 2nd tries for 3rd, SAFE, throw made to third
Batting: LHB Lorenzo Quintanilla 0-0: Ball
1-0: Ball
2-0: Ball
3-0: Base on Balls
Bill Mark to second
Batting: RHB Manolo Román 0-0: Ball
1-0: Ground out 4-3 (Groundball, 13)
Bottom of the 4th over - 1 run(s), 2 hit(s), 1 error(s), 3 left on base; Plymouth 2 - Hendersonville 5
TOP OF THE 5TH
Plymouth Rocks batting - Pitching for Hendersonville Hitmen : RHP Carlos Hernández
Batting: RHB Andrés Lara 0-0: Ground out 6-3 (Groundball, 6)
Batting: LHB Roy Patrick 0-0: Called Strike
0-1: Ball
1-1: Ground out 4-3 (Groundball, 34)
Batting: SHB Greg Welch 0-0: Ball
1-0: Fly out, F8 (Popup, 4MD)
Top of the 5th over - 0 run(s), 0 hit(s), 0 error(s), 0 left on base; Plymouth 2 - Hendersonville 5
BOTTOM OF THE 5TH
Hendersonville Hitmen batting - Pitching for Plymouth Rocks : RHP Lorenzo Aguilar
Batting: LHB Tony Abete 0-0: Ball
1-0: Ball
2-0: Foul Ball, location: 2F
2-1: Foul Ball, location: 2F
2-2: Strikes out swinging
Batting: RHB Robert Buckley 0-0: Called Strike
0-1: DOUBLE (Groundball, 5L)
Batting: LHB José Flores 0-0: Ground out 4-3 (Groundball, 4)
Robert Buckley to third
Batting: LHB Pedro Gonzáles 0-0: Called Strike
0-1: SINGLE (Line Drive, 8RS)
Robert Buckley scores
Batting: RHB Junior Vargas 0-0: Ball
1-0: Foul Ball, location: 2F
1-1: Swinging Strike
1-2: Ball
2-2: Strikes out swinging
Bottom of the 5th over - 1 run(s), 2 hit(s), 0 error(s), 1 left on base; Plymouth 2 - Hendersonville 6
TOP OF THE 6TH
Plymouth Rocks batting - Pitching for Hendersonville Hitmen : RHP Carlos Hernández
Batting: RHB António Gonzáles 0-0: Foul Ball, location: 2F
0-1: Ground out 5-3 (Groundball, 5)
Batting: LHB Barrett Waters 0-0: Ball
1-0: Ball
2-0: Called Strike
2-1: SINGLE (Groundball, 5L)
Batting: LHB Roger Moore 0-0: Ball
Barrett Waters is caught stealing 2nd base
1-0: DOUBLE (Line Drive, 7LS)
Batting: RHB José Flores 0-0: SINGLE (Popup, 8LS)
Roger Moore to third
Runner from 3rd tries for Home, throw and OUT!
Top of the 6th over - 0 run(s), 3 hit(s), 0 error(s), 1 left on base; Plymouth 2 - Hendersonville 6
BOTTOM OF THE 6TH
Hendersonville Hitmen batting - Pitching for Plymouth Rocks : RHP Lorenzo Aguilar
Batting: LHB Jerry Johnston 0-0: Ball
1-0: Foul Ball, location: 2F
1-1: Called Strike
1-2: Strikes out swinging
Batting: RHB Bill Mark 0-0: Called Strike
0-1: Ball
1-1: Ball
2-1: Foul Ball, location: 2F
2-2: Foul Ball, location: 2F
2-2: Foul Ball, location: 2F
2-2: Ground out 4-3 (Groundball, 4M)
Batting: LHB Lorenzo Quintanilla 0-0: Ball
1-0: Ball
2-0: Ground out U3 (Groundball, 3S)
Bottom of the 6th over - 0 run(s), 0 hit(s), 0 error(s), 0 left on base; Plymouth 2 - Hendersonville 6
TOP OF THE 7TH
Plymouth Rocks batting - Pitching for Hendersonville Hitmen : RHP Carlos Hernández
Batting: RHB Anthony Rucker 0-0: Called Strike
0-1: Called Strike
0-2: Ball
1-2: Foul Ball, location: 2F
1-2: Ball
2-2: Ground out 5-3 (Groundball, 56S)
Batting: RHB Luis Sánchez 0-0: Ball
1-0: Ball
2-0: Foul Ball, location: 2F
2-1: Foul Ball, location: 2F
2-2: SINGLE (Groundball, 56D)
Batting: RHB Andrés Lara 0-0: Ball
1-0: Called Strike
Luis Sánchez is caught stealing 2nd base
1-1: Called Strike
1-2: Foul Ball, location: 2F
1-2: Foul Ball, location: 2F
1-2: DOUBLE (Flyball, 7D)
Batting: LHB Roy Patrick 0-0: Ball
1-0: Swinging Strike
1-1: Foul Ball, location: 2F
1-2: Fly out, F7 (Flyball, 78S)
Top of the 7th over - 0 run(s), 2 hit(s), 0 error(s), 1 left on base; Plymouth 2 - Hendersonville 6
BOTTOM OF THE 7TH
Hendersonville Hitmen batting - Pitching for Plymouth Rocks : RHP Lorenzo Aguilar
Batting: RHB Manolo Román 0-0: Foul Ball, location: 2F
0-1: Ground out 6-3 (Groundball, 6)
Batting: LHB Tony Abete 0-0: Ball
1-0: Ball
2-0: Ball
3-0: Called Strike
3-1: Foul Ball, location: 2F
3-2: Base on Balls
Pitching: RHP Soichiro Ikeda
Batting: RHB Robert Buckley 0-0: Foul Ball, location: 2F
0-1: Fly out, F8 (Flyball, 89D)
Batting: LHB José Flores 0-0: Called Strike
0-1: Ball
1-1: Ball
2-1: Called Strike
2-2: Ball
3-2: Strikes out swinging
Bottom of the 7th over - 0 run(s), 0 hit(s), 0 error(s), 1 left on base; Plymouth 2 - Hendersonville 6
TOP OF THE 8TH
Plymouth Rocks batting - Pitching for Hendersonville Hitmen : RHP Carlos Hernández
Batting: SHB Greg Welch 0-0: Called Strike
0-1: Ground out U3 (Groundball, 3S)
Batting: RHB António Gonzáles 0-0: Ball
1-0: Swinging Strike
1-1: Called Strike
1-2: Ball
2-2: Foul Ball, location: 2F
2-2: Strikes out swinging
Batting: LHB Barrett Waters 0-0: Ball
1-0: Ball
2-0: Called Strike
2-1: SINGLE (Flyball, 9LM)
Batting: LHB Roger Moore 0-0: Ground out 1-3 (Groundball, 13S)
Top of the 8th over - 0 run(s), 1 hit(s), 0 error(s), 1 left on base; Plymouth 2 - Hendersonville 6
BOTTOM OF THE 8TH
Hendersonville Hitmen batting - Pitching for Plymouth Rocks : RHP Soichiro Ikeda
Batting: LHB Pedro Gonzáles 0-0: Called Strike
0-1: Foul Ball, location: 2F
0-2: Ball
1-2: Fly out, F9 (Flyball, 89M)
Batting: RHB Junior Vargas 0-0: Ball
1-0: Called Strike
1-1: Ball
2-1: Foul Ball, location: 2F
2-2: Strikes out swinging
Batting: LHB Jerry Johnston 0-0: Ball
1-0: Called Strike
1-1: Ball
2-1: Foul Ball, location: 2F
2-2: Fly out, F7 (Flyball, 7M)
Bottom of the 8th over - 0 run(s), 0 hit(s), 0 error(s), 0 left on base; Plymouth 2 - Hendersonville 6
TOP OF THE 9TH
Plymouth Rocks batting - Pitching for Hendersonville Hitmen : RHP Carlos Hernández
Batting: RHB José Flores 0-0: Ground out 5-3 (Groundball, 56)
Batting: RHB Anthony Rucker 0-0: Fly out, F9 (Flyball, 89D)
Batting: RHB Luis Sánchez 0-0: Called Strike
0-1: Called Strike
0-2: Ball
1-2: Ball
2-2: Fly out, F7 (Flyball, 7S)
Top of the 9th over - 0 run(s), 0 hit(s), 0 error(s), 0 left on base; Plymouth 2 - Hendersonville 6
Monday, December 5th, 2016 - OOTP Baseball 17.12 Build 75